 Dungeon Crawl Stone Soup version bcrawl-1.41 (webtiles) character file.

Game seed: 14371344154741813588

128996 yrara the Cudgeler (level 4, -7/35 HPs)
             Began as a Demonspawn Fighter on Apr 2, 2024.
             Killed from afar by an orc wizard (10 damage)
             ... with a puff of frost
             ... on level 2 of the Dungeon.
             The game lasted 00:02:28 (2623 turns).

yrara the Cudgeler (Demonspawn Fighter)             Turns: 2623, Time: 00:02:28

Health: -7/35      AC: 11    Str: 17    XL:     4   Next: 97%
Magic:  5/5        EV:  8    Int:  9    God:
Gold:   176        SH:  0    Dex: 13    Spells: 3/3 levels left

rFire    . . .     GDR:     28% a - +1 flail
rCold    . . .     SeeInvis .   (no shield)
rNeg     . . .     Gourm    .   g - +1 chain mail
rPois    .         Faith    .   i - +0 helmet
rElec    .         Spirit   .   (no cloak)
rCorr    .         Reflect  .   (no gloves)
MR       .....                  (no boots)
Stlth    ..........             h - amulet of rage
HPRegen  0.15/turn              m - ring of wizardry
MPRegen  0.09/turn              (no ring)

@: no status effects
A: sturdy frame 1
a: Evoke Berserk Rage


You were on level 2 of the Dungeon.
You were hungry.

You visited 1 branch of the dungeon, and saw 3 of its levels.

You collected 176 gold pieces.

Inventory:

Hand Weapons
 a - a +1 flail (weapon)
Missiles
 f - 243 arrows
Armour
 c - a +0 medium shield
 g - a +1 chain mail (worn)
 i - a +0 helmet (worn)
Jewellery
 h - an amulet of rage (around neck)
 m - a ring of wizardry (left hand)
Potions
 b - 3 potions of curing
 j - 2 potions of heal wounds
 k - a potion of agility
 l - a potion of ambrosia {unknown}
 n - a potion of lignification {unknown}
 p - 2 potions of mutation
Comestibles
 e - 4 rations {!d}


   Skills:
 + Level 3.3 Fighting
 * Level 4.0 Maces & Flails
 + Level 3.2 Armour
 + Level 0.4 Dodging
 + Level 0.1 Stealth
 - Level 2.6 Shields


You had 3 spell levels left.
You didn't know any spells.
Your spell library was empty.

Dungeon Overview and Level Annotations

Branches:
Dungeon (3/12)

Altars:
Fedhas
Hepliaklqana
Okawaru
Sif Muna
Uskayaw
Vehumet
Wu Jian
Yredelemnul


Innate Abilities, Weirdness & Mutations

Your movements are slightly less encumbered by armour. (ER -2)


Message History

The orc wizard is severely wounded.
The orc wizard hits you but does no damage.
The orc wizard casts a spell at you. The magic dart hits you.
* * * LOW HITPOINT WARNING * * *
The orc closely misses you.
You barely miss the orc wizard.
The orc wizard is severely wounded.
The orc wizard hits you but does no damage.
The orc barely misses you.
The orc wizard points at you and mumbles some strange words.
The magic dart hits you but does no damage.
Your chain mail prevents you from hitting the orc wizard.
The orc wizard is severely wounded.
The orc wizard hits you but does no damage.
The orc hits you.
* * * LOW HITPOINT WARNING * * *
The orc wizard points at you and mumbles some strange words.
The puff of frost hits you!
You die...

#######......##..............#.<.
######......##.#.....#.#.##.#.##
#......##.####.#.#........#.#.#
#...#####.# #.......#.#..#.#.#
#...#####.# #...#.....####.#.##
###.....#.# #..............#.#.
######.#.####.......#......#.#.
#....#.......o...##.#.####.#.#.
###....#.......o@...#.#.#..#.#.#.
..'....'..............#....#.#.#.
###....##......#....######.#.#.#.
#....#########.............#.#.
#....##.....##.#########.###.#.
#######...>.##.............)...
#........############.###.##
#......### #...#.# #......#
###.#.#


You could see an orc wizard and an orc.

Vanquished Creatures
  A bullfrog skeleton (D:3)
  Robin (D:3)
  2 oozes
  5 worms (D:2)
  A dart slug (D:2)
  3 leopard geckos
  2 orcs (D:3)
  16 goblins
  14 hobgoblins
  A jackal (D:1)
  7 kobolds
  5 bats
  A quokka skeleton (D:3)
  2 rats (D:1)
61 creatures vanquished.

Notes
Turn   | Place    | Note
-------+----------+-------------------------------------------
     0 | D:1      | yrara the Demonspawn Fighter began the quest for the Orb.
     0 | D:1      | Reached XP level 1. HP: 18/18 MP: 2/2
    82 | D:1      | Reached skill level 2 in Maces & Flails
   209 | D:1      | Gained mutation: Your movements are slightly less
                  | encumbered by armour. (ER -2) [demonic ancestry]
   209 | D:1      | Reached XP level 2. HP: 24/24 MP: 3/3
   851 | D:1      | Reached XP level 3. HP: 29/29 MP: 4/4
  1343 | D:2      | Reached skill level 3 in Maces & Flails
  1400 | D:2      | Found a radiant altar of Vehumet.
  1403 | D:2      | Found an ornate altar of the Wu Jian Council.
  1404 | D:2      | Found an iron altar of Okawaru.
  1404 | D:2      | Found a hazy altar of Hepliaklqana.
  1404 | D:2      | Found a shimmering blue altar of Sif Muna.
  1407 | D:2      | Found a blossoming altar of Fedhas.
  1440 | D:2      | Found a basalt altar of Yredelemnul.
  1851 | D:2      | Reached XP level 4. HP: 35/35 MP: 5/5
  2331 | D:3      | Noticed Robin
  2345 | D:3      | Killed Robin
  2432 | D:3      | Found a hide-covered altar of Uskayaw.
  2491 | D:3      | Reached skill level 4 in Maces & Flails
  2623 | D:2      | Killed from afar by an orc wizard

Skill      XL: |  1  2  3  4 |
---------------+-------------+-----
Maces & Flails | 2 3 4 |  4.0
Armour         | 3 |  3.2
Fighting       | |  3.3
Dodging        | |  0.4
Stealth        | |  0.1
Shields        | |  2.6

Action                   |  1- 3 |  4- 6 || total
-------------------------+-------+-------++-------
Melee: Flail             |   154 |    73 ||   227
  Use: Scroll            |     2 |     9 ||    11
       Potion            |       |     1 ||     1
  Eat: Chunk             |     8 |     4 ||    12
Armor: Scale mail        |    47 |       ||    47
       Chain mail        |    35 |    51 ||    86
Dodge: Dodged            |    87 |    37 ||   124
